 Dungeon Crawl Stone Soup version 0.30-a0-782-ge64f9170bb (webtiles) character file.

Game seed: 17624390273553296849

1631 senseless the Fighter (level 8, -2/108 HPs)
             Began as a Demonspawn Gladiator on Mar 10, 2023.
             Was an Initiate of Okawaru.
             Succumbed to a gnoll's poison
             ... on level 5 of the Dungeon.
             The game lasted 00:14:18 (3970 turns).

senseless the Fighter (Demonspawn Gladiator)        Turns: 3970, Time: 00:14:18

Health: -2/108     AC: 13    Str: 17    XL:     8   Next: 65%
Magic:  8/8        EV:  9    Int:  9    God:    Okawaru [......]
Gold:   336        SH:  8    Dex: 15    Spells: 7/7 levels left

rFire   . . .      SeeInvis .    j - +3 hand axe (freeze)
rCold   + . .      Faith    .    (no shield)
rNeg    . . .      Spirit   .    y - +0 chain mail
rPois   .          Reflect  .    (helmet restricted)
rElec   .          Harm     .    k - +1 cloak
rCorr   .          Rampage  .    (no gloves)
Will    .....                    (no boots) Stlth
                                 h - amulet of regeneration
HPRegen 1.18/turn                t - ring of protection from cold
MPRegen 0.11/turn                (no ring)

@: brilliant, berserking, lethally poisoned (-2 -> -12), very quick
A: antennae 2, large bone plates 1, powered by pain 2, condensation shield
a: Renounce Religion


You were on level 5 of the Dungeon.
You worshipped Okawaru.
Okawaru was noncommittal.
You visited 1 branch of the dungeon, and saw 5 of its levels.

You collected 336 gold pieces.

Inventory:

Hand Weapons
 a - a +0 war axe
 j - a +3 hand axe of freezing (weapon)
Missiles
 d - 3 throwing nets (quivered)
 e - a javelin
Armour
 b - a +0 leather armour
 c - a +0 helmet
 g - a +1 robe of cold resistance
 k - a +1 cloak (worn)
 n - a scarf of invisibility
 q - a scarf of shadows
 y - a +0 chain mail (worn)
Jewellery
 f - an amulet of the acrobat
 h - an amulet of regeneration (around neck)
 l - a ring of fire
 p - an amulet of faith
 t - a ring of protection from cold (left hand)
 u - an amulet of guardian spirit
Scrolls
 m - a scroll of teleportation
 A - a scroll of fear
 B - a scroll of immolation {unknown}
Potions
 o - a potion of brilliance
 r - 2 potions of resistance
 s - a potion of cancellation {unknown}
 v - a potion of berserk rage
 w - a potion of mutation {unknown}
 x - a potion of attraction {unknown}
 z - a potion of ambrosia {unknown}


   Skills:
 + Level 9.8 Fighting
 * Level 4.8 Axes
 - Level 3.6 Throwing
 + Level 8.0 Armour
 + Level 4.5 Dodging


You had 7 spell levels left.
You didn't know any spells.
Your spell library contained the following spells:

 Spells                   Type           Power      Damage    Failure   Level
 Static Discharge         Conj/Air       0%         2-2/arc   100%        2
 Vhi's Electric Charge    Tloc/Air       0%         N/A       100%        3
 Arcjolt                  Conj/Air       0%         1d10      100%        5
 Lightning Bolt           Conj/Air       0%         1d11      100%        5


Dungeon Overview and Level Annotations

Branches:
Dungeon (5/15)
 Temple: D:4-7

Altars:
Hepliaklqana
Okawaru
Xom

Annotations:
D:3 3 runed translucent doors, Dirian's ghost, amateur MiFi
D:5 3 runed translucent doors, mopl's ghost, amateur DEEn


Innate Abilities, Weirdness & Mutations

You have a pair of antennae on your head.
You are partially covered in large bone plates. (SH +4)
You sometimes gain power by taking damage.
A meltable shield of frost defends you. (SH +4)


Message History

You are too injured to fight recklessly!
You are too injured to fight recklessly!
You hit the gnoll sergeant but do no damage.
You hit the gnoll. You freeze the gnoll.
You feel very sick. You block the gnoll sergeant's attack.
The gnoll closely misses you.
You hit the gnoll. You freeze the gnoll.
The gnoll is heavily wounded.
You hit the gnoll sergeant but do no damage.
You feel very sick.
The gnoll sergeant hits you but does no damage.
The gnoll barely misses you.
You barely miss the gnoll.
The gnoll is heavily wounded.
You closely miss the gnoll sergeant.
You feel very sick. The gnoll hits you but does no damage.
You are more poisoned.
The gnoll sergeant barely misses you.
The gnoll sergeant hits you with a +0 spear.
* * * LOW HITPOINT WARNING * * *
The gnoll hits you but does no damage.
You are lethally poisoned!
You hit the gnoll. You freeze the gnoll.
The gnoll is almost dead.
You closely miss the gnoll sergeant.
* * * LOW HITPOINT WARNING * * *
You feel extremely sick.
The gnoll sergeant hits you with a +0 spear.
* * * LOW HITPOINT WARNING * * *
The gnoll barely misses you.
It was a potion of brilliance.
You feel clever all of a sudden.
* * * LOW HITPOINT WARNING * * *
You feel very sick. You block the gnoll's attack.
You block the gnoll sergeant's attack.
It was a potion of berserk rage.
A red film seems to cover your vision as you go berserk!
You feel yourself moving faster!
You feel mighty!
You die...

######### ############.......#
#.........##.#####'###
#.###.#.#....###...... #.#
#.#....#.##.......
#.###.###.....#...#~..
#≈≈≈≈.≈≈≈≈....#..~~~#.
#≈##≈.≈##≈....'..#~~~.
############≈###@###≈...##...~#..
#...........≈≈#gg.#≈≈#.#.#.......
#.##........≈≈#...#≈≈....##......
......######≈≈#.!.#≈≈.....####+##
#.###.######≈#######≈...### ##.##
#.# #.......≈##≈≈≈##≈...#####...#
#.# #.######≈≈≈≈≈≈≈≈≈...........#
#.# #.# #...........#.####...#
..# #.# #.####.....##...##....


You could see a gnoll sergeant and a gnoll.

Vanquished Creatures
  Grinder (D:5)
  Sigmund (D:3)
  Eustachio (D:4)
  An ice beast (D:3)
  2 phantoms
  A scorpion (D:4)
  A jelly (D:4)
  A hound (D:5)
  2 orc priests (D:3)
  An orc wizard (D:5)
  An iguana (D:3)
  6 gnolls (D:5)
  4 adders
  A shadow imp (D:5)
  An ufetubus (D:5)
  4 worms
  2 dart slugs
  6 orcs
  10 endoplasms
  2 giant cockroaches (D:1)
  8 goblins
  9 hobgoblins
  4 jackals (D:2)
  3 kobolds
  7 quokkas
  6 ball pythons
  4 bats
  5 frilled lizards
  5 rats
100 creatures vanquished.

Vanquished Creatures (others)
  6 plants (D:3)
  7 withered plants (D:3)
13 creatures vanquished.

Grand Total: 113 creatures vanquished

Notes
Turn   | Place    | Note
-------+----------+-------------------------------------------
     0 | D:1      | senseless the Demonspawn Gladiator began the quest for the
                  | Orb.
     0 | D:1      | Reached XP level 1. HP: 16/16 MP: 1/1
   291 | D:1      | Gained mutation: You have a pair of small antennae on your
                  | head. [demonic ancestry]
   291 | D:1      | Reached XP level 2. HP: 22/22 MP: 2/2
   811 | D:2      | Gained mutation: You sometimes gain a little power by
                  | taking damage. [demonic ancestry]
   811 | D:2      | Reached XP level 3. HP: 26/28 MP: 3/3
  1605 | D:3      | Gained mutation: A meltable shield of frost defends you.
                  | (SH +4) [demonic ancestry]
  1605 | D:3      | Reached XP level 4. HP: 34/34 MP: 4/4
  1658 | D:3      | Noticed Dirian's ghost (amateur MiFi)
  1663 | D:3      | Noticed Sigmund
  1683 | D:3      | Killed Sigmund
  1684 | D:3      | Reached skill level 3 in Fighting
  1684 | D:3      | Reached XP level 5. HP: 35/41 MP: 5/5
  1720 | D:3      | Found a runed translucent gate.
  1721 | D:3      | Found a runed translucent gate.
  1722 | D:3      | Found a runed translucent gate.
  1787 | D:3      | Gained mutation: You sometimes gain power by taking damage.
                  | [demonic ancestry]
  1787 | D:3      | Reached XP level 6. HP: 47/47 MP: 6/6
  2172 | D:3      | Noticed an ice beast
  2191 | D:3      | Killed an ice beast
  2192 | D:3      | Reached skill level 4 in Fighting
  2299 | D:3      | Found a faded altar of an unknown god.
  2576 | D:4      | Reached skill level 9 in Fighting
  2576 | D:4      | Gained mutation: You are partially covered in large bone
                  | plates. (SH +4) [demonic ancestry]
  2576 | D:4      | Reached XP level 7. HP: 65/65 MP: 7/7
  2670 | D:4      | Gained mutation: You have a pair of antennae on your head.
                  | [demonic ancestry]
  2670 | D:4      | Reached XP level 8. HP: 65/72 MP: 8/8
  2738 | D:4      | Found a hazy altar of Hepliaklqana.
  2739 | D:4      | Found a shimmering altar of Xom.
  2740 | D:4      | Noticed a spectral ugly thing
  3053 | D:4      | Noticed Eustachio
  3082 | D:4      | Killed Eustachio
  3290 | D:5      | Entered Level 5 of the Dungeon
  3309 | D:5      | Found an iron altar of Okawaru.
  3315 | D:5      | Became a worshipper of Warmaster Okawaru
  3469 | D:5      | Noticed Grinder
  3471 | D:5      | Paralysed by Grinder for 4 turns
  3490 | D:5      | Paralysed by Grinder for 3 turns
  3496 | D:5      | Killed Grinder
  3661 | D:5      | Found a runed translucent gate.
  3661 | D:5      | Found a runed translucent gate.
  3661 | D:5      | Found a runed translucent gate.
  3662 | D:5      | Noticed mopl's ghost (amateur DEEn)
  3969 | D:5      | HP: 1/72 [poisoned by a gnoll]
  3970 | D:5      | Succumbed to a gnoll's poison

Illustrated notes

Levels and vault maps discovered:
D:1:      minmay_arrival_four_loops, layout_basic, chequers_avenue,
          minmay_tromino_v4_b
D:2:      layout_loops_ring, hangedman_decor_points
D:3:      layout_basic, gammafunk_ghost_split,
          shapermc_ecumenical_altar_flowoftime, minmay_pentomino_pile,
          uniq_sigmund
D:4:      layout_loops_cross, regret_index_temple_of_mockery, uniq_eustachio
D:5:      layout_loops_ring, mainiacjoe_overflow_small_starburst,
          gammafunk_ghost_split, kennysheep_another_room, lightli_minifort,
          uniq_grinder

Skill      XL: |  1  2  3  4  5  6  7  8 |
---------------+-------------------------+-----
Throwing       | 2 3 |  3.6
Axes           | 3 4 |  4.8
Dodging        | 3 4 |  4.5
Fighting       | 3 9 |  9.8
Armour         | 7 8 |  8.0

Action                     |  1- 3 |  4- 6 |  7- 9 || total
---------------------------+-------+-------+-------++-------
  Melee: War axe           |     9 |       |       ||     9
         Hand axe          |   103 |   113 |   135 ||   351
         Punch             |     2 |     1 |     1 ||     4
    Use: Scroll            |     9 |     4 |     1 ||    14
         Potion            |       |     1 |     3 ||     4
   Stab: Sleeping          |     1 |       |       ||     1
 Armour: Leather armour    |    26 |     2 |       ||    28
         Robe              |       |    13 |    12 ||    25
         Chain mail        |       |       |    31 ||    31
  Dodge: Dodged            |    77 |    52 |    71 ||   200
  Block: Other             |       |     7 |    56 ||    63

Table legend: (Time is in decaauts)
 A = Elapsed time spent in this place.
 B = Non-inter-level travel time spent in this place.
 C = Inter-level travel time spent in this place.
 D = Time resting spent in this place.
 E = Time spent auto-exploring this place.
 F = Levels seen in this place.
 G = Mean time per level.
                   A        B        C        D        E       F      G
               +--------+--------+--------+--------+--------+-----+--------+
         Total |   3990 |   3805 |    185 |      0 |   2957 |   5 |  798.0 |
       Dungeon |   3990 |   3805 |    185 |      0 |   2957 |   5 |  798.0 |
               +--------+--------+--------+--------+--------+-----+--------+

Top non-repeatable levels by time:
     D:3: 966 daAuts
     D:2: 831 daAuts
     D:1: 770 daAuts
     D:4: 755 daAuts
     D:5: 665 daAuts
